 Dungeon Crawl Stone Soup version 0.32-a0-699-g1ee5eff69a (webtiles) character file.

Game seed: 4330912338292636304

1479 cojito the Basher (level 8, -1/73 HPs)
             Began as a Mountain Dwarf Monk on Mar 14, 2024.
             Was a Believer of Yredelemnul.
             Slain by a wight
             ... wielding a +0 scimitar
              (9 damage)
             ... on level 6 of the Dungeon.
             The game lasted 00:08:25 (5128 turns).

cojito the Basher (Mountain Dwarf Monk)             Turns: 5128, Time: 00:08:25

Health: -1/73      AC: 14    Str: 17    XL:     8   Next: 50%
Magic:  8/8        EV: 14    Int: 10    God:    Yredelemnul [**....]
Gold:   301        SH:  0    Dex: 12    Spells: 7/7 levels left

rFire   . . .        a - +0 flail (protect)
rCold   . . .        d - orb {light}
rNeg    . . .        i - +0 scale mail
rPois   +            (no helmet)
rElec   .            (no cloak)
rCorr   .            (no gloves)
SInv    .            (no boots)
Will    .....        (no amulet) Stlth
                     n - +5 ring of evasion
HPRegen 0.32/turn    t - ring of poison resistance
MPRegen 0.11/turn

%: no passive effects
@: under a protective aura, on berserk cooldown, slowed, very slow
A: runic magic, artefact enchanting
a: Renounce Religion, Light the Black Torch, Recall Undead Harvest, Hurl
Torchlight


You were on level 6 of the Dungeon.
You worshipped Yredelemnul.
Yredelemnul was noncommittal.
You visited 2 branches of the dungeon, and saw 7 of its levels.
You also visited: Sewer.

You collected 301 gold pieces.

Inventory:

Hand Weapons
 a - a +0 flail of protection (weapon)
 g - a +1 dagger of draining
Armour
 d - an orb of light (worn)
 i - a +0 scale mail (worn)
Jewellery
 n - a +5 ring of evasion (left hand)
 p - an amulet of magic regeneration
 t - a ring of poison resistance (right hand)
Wands
 b - a wand of flame (20)
Scrolls
 e - 3 scrolls of noise
 f - 2 scrolls of vulnerability {unknown}
 j - 4 scrolls of revelation {unknown}
 k - 2 scrolls of enchant armour {unknown}
 l - a scroll of amnesia
 m - a scroll of poison
 q - 2 scrolls of teleportation {unknown}
 u - a scroll of blinking {unknown}
Potions
 c - 2 potions of ambrosia
 o - 2 potions of curing {unknown}
 r - a potion of enlightenment
Miscellaneous
 h - a phantom mirror


   Skills:
 + Level 7.5 Fighting
 + Level 8.2 Maces & Flails
 + Level 6.5 Armour
 - Level 2.1 Dodging


You had 7 spell levels left.
You didn't know any spells.
Your spell library contained the following spells:

 Spells                   Type           Power      Damage    Failure   Level
 Blink                    Tloc           0%         N/A       58%         2
 Lesser Beckoning         Tloc           0%         N/A       58%         2
 Momentum Strike          Conj/Tloc      0%         3d8       58%         2
 Dazzling Flash           Conj/Hex       0%         N/A       83%         3
 Fugue of the Fallen      Necr           0%         N/A       83%         3
 Mephitic Cloud           Conj/Alch/Air  0%         N/A       83%         3
 Ozocubu's Armour         Ice            0%         N/A       83%         3
 Passwall                 Erth           0%         N/A       83%         3
 Sigil of Binding         Hex            0%         N/A       83%         3
 Volatile Blastmotes      Fire/Tloc      0%         2d10      83%         3
 Manifold Assault         Tloc           0%         N/A       99%         4
 Curse of Agony           Necr           0%         N/A       100%        5
 Silence                  Hex/Air        0%         N/A       100%        5
 Bombard                  Conj/Erth      0%         9d1       100%        6
 Sculpt Simulacrum        Ice/Alch       0%         N/A       100%        6
 Death Channel            Necr           Unusable   N/A       N/A         6

Dungeon Overview and Level Annotations

Branches:
Dungeon (6/15)             Temple (1/1) D:6           Sewer (visited)

Altars:
Ashenzari
Cheibriados
Dithmenos
Elyvilon
Fedhas
Gozag
Hepliaklqana
Kikubaaqudgha
Nemelex Xobeh
Okawaru
Qazlal
Ru
Sif Muna
Vehumet
Wu Jian
Xom
Yredelemnul
Zin
The Shining One

Shops:
D:3 *

Annotations:
D:6 1 runed translucent door, TombstoneGhost's ghost, novice MiFi


Innate Abilities, Weirdness & Mutations

Your spellcasting is much less encumbered by armour.
You can use scrolls of enchantment on lesser artefacts.


Message History

The wight hits you from afar with a +0 halberd.
* * * LOW HITPOINT WARNING * * *
The wight hits you with a +0 war axe.
* * * LOW HITPOINT WARNING * * *
You feel drained.
* * * LOW HITPOINT WARNING * * *
You hit the steam dragon.
The steam dragon is almost dead.
You sock the steam dragon!
You kill the steam dragon!
Their soul becomes fuel for the torch.
The dead are flying!
The wight closely misses you. The wight hits you but does no damage.
Your ogre zombie hits the wight!
Your life force feels restored.
Your Maces & Flails skill increases to level 8!
You hit the wight.
The wight is severely damaged.
The wight hits you with a +0 scimitar.
* * * LOW HITPOINT WARNING * * *
The wight completely misses you. The wight closely misses you.
You closely miss the wight.
The wight is severely damaged.
Your steam dragon zombie bites the wight.
Your steam dragon zombie claws the wight but does no damage.
The wight barely misses you. The wight misses you.
The wight completely misses you.
You sock the wight!
You destroy the wight!
Your ogre zombie hits the wight.
You closely miss the wight.
The wight is severely damaged.
The wight barely misses you. x2
Your steam dragon zombie bites the wight but does no damage.
Your steam dragon zombie claws the wight but does no damage.
You are no longer berserk.
You are exhausted.
You feel yourself slow down.
Your ogre zombie misses the wight.
The wight hits you with a +0 scimitar!
You die...
Your body rises from the dead as a mindless zombie.

####### #.##........#
#<...$##.........[......[###
#.......>......######.....###
#................#
##.........
#.............[..#
#..........
#................#
#.........<
#...........Z....#
#......)...
#............z...#
#..........
#............@zZ.#
#)......... ..../.....##
##.......#. ..##......#
#.......... .......#.##
#..........
#?......#..###..........
#.......#...##..........
#..########.##.........# #..
~?~SWF+.............
#######.##.......##.


You could see 2 wights, a friendly steam dragon zombie and a friendly ogre
zombie.

Vanquished Creatures
  Sigmund (D:6)
  A steam dragon (D:6)
  A black bear (D:5)
  An ogre (D:6)
  A centaur (D:5)
  A phantom (D:6)
  2 bullfrogs (Sewer)
  A scorpion (D:4)
  3 wights
  3 jellies (D:5)
  A bombardier beetle (D:4)
  An iguana (D:5)
  8 adders
  10 dart slugs
  3 ribbon worms
  10 orcs
  11 bats (D:3)
  10 endoplasms
  8 giant cockroaches
  11 goblins
  3 hobgoblins
  4 jackals (D:2)
  9 kobolds
  3 quokkas
  14 ball pythons
  15 frilled lizards
  3 rats
139 creatures vanquished.

Vanquished Creatures (collateral kills)
  An ogre (D:6)
  A hound (D:6)
2 creatures vanquished.

Vanquished Creatures (others)
  An ogre zombie (D:6)
  A hound zombie (D:6)
2 creatures vanquished.

Grand Total: 143 creatures vanquished

Notes
Turn   | Place    | Note
-------+----------+-------------------------------------------
     0 | D:1      | cojito the Mountain Dwarf Monk began the quest for the Orb.
     0 | D:1      | Reached XP level 1. HP: 19/19 MP: 1/1
   169 | D:1      | Reached XP level 2. HP: 22/26 MP: 2/2
   207 | D:1      | Reached skill level 1 in Armour
   463 | D:1      | Reached skill level 4 in Maces & Flails
   689 | D:2      | Reached XP level 3. HP: 33/33 MP: 3/3
   932 | D:2      | Found a faded altar of an unknown god.
  1197 | D:3      | Found a glowing golden altar of the Shining One.
  1233 | D:3      | Found an opulent altar of Gozag.
  1412 | D:3      | Reached XP level 4. HP: 7/40 MP: 4/4
  1912 | D:3      | Found Jinarphyn's General Store.
  2294 | D:4      | Found a glowing drain.
  2310 | Sewer    | Entered a sewer
  2399 | Sewer    | Reached XP level 5. HP: 7/47 MP: 5/5
  2404 | Sewer    | HP: 2/47 [poisoned by an adder]
  2614 | Sewer    | Reached skill level 5 in Maces & Flails
  2859 | Sewer    | Reached skill level 5 in Fighting
  2862 | Sewer    | Reached XP level 6. HP: 25/56 MP: 6/6
  3055 | D:4      | Found a radiant altar of Vehumet.
  3154 | D:4      | Reached skill level 6 in Maces & Flails
  3587 | D:5      | Entered Level 5 of the Dungeon
  4002 | D:5      | Reached XP level 7. HP: 19/62 MP: 7/7
  4694 | D:5      | Reached skill level 5 in Armour
  4860 | D:6      | Reached skill level 7 in Maces & Flails
  4866 | D:6      | Found a staircase to the Ecumenical Temple.
  4875 | D:6      | Noticed Sigmund
  4937 | D:6      | Killed Sigmund
  4938 | D:6      | Reached XP level 8. HP: 41/71 MP: 8/8
  4948 | Temple   | Entered the Ecumenical Temple
  4959 | Temple   | Became a worshipper of Yredelemnul the Fallen
  4959 | Temple   | Reached * piety under Yredelemnul
  4959 | Temple   | Reached ** piety under Yredelemnul
  5080 | D:6      | Found a runed translucent door.
  5095 | D:6      | Noticed TombstoneGhost's ghost (novice MiFi)
  5124 | D:6      | Reached skill level 8 in Maces & Flails
  5128 | D:6      | Slain by a wight

Illustrated notes

Levels and vault maps discovered:
D:1:      ncdulo_halloftheorcs, layout_basic
D:2:      layout_rooms, chequers_ecumenical_altar_lobes
D:3:      layout_loops_cross, mainiacjoe_overflow_tiny_flanked,
          old_standard_altar, serial_shops, shop, roderic_batcave
D:4:      layout_loops_ring, lemuel_round_altar, portal_sewer_entry_d
D:5:      layout_loops_corners
D:6:      layout_rooms, minmay_temple_entry_overgrown, ebering_ghost_sewer_d,
          minmay_misc_feat_ornament, hangedman_abyss_or_decor_slice,
          uniq_sigmund
Temple:   lightli_temple_of_artemis

Skill      XL: |  1  2  3  4  5  6  7  8 |
---------------+-------------------------+-----
Armour         | 1 2 3 4 5 6 |  6.5
Maces & Flails | 4 5 6 7 8 |  8.2
Fighting       | 4 5 6 7 |  7.5
Dodging        | |  2.1

Action                     |  1- 3 |  4- 6 |  7- 9 || total
---------------------------+-------+-------+-------++-------
  Melee: Mace              |   106 |   222 |       ||   328
         Flail             |       |    42 |    78 ||   120
         Dagger            |       |       |    11 ||    11
 Invoke: Light the Black T |       |       |     1 ||     1
    Use: Scroll            |       |     5 |     2 ||     7
         Potion            |       |     1 |     2 ||     3
 Armour: Ring mail         |    12 |       |       ||    12
         Robe              |     5 |       |       ||     5
         Scale mail        |    72 |   242 |    69 ||   383
         Skin              |       |       |    55 ||    55
  Dodge: Dodged            |    64 |   174 |    84 ||   322

Table legend: (Time is in decaauts)
 A = Elapsed time spent in this place.
 B = Non-inter-level travel time spent in this place.
 C = Inter-level travel time spent in this place.
 D = Time resting spent in this place.
 E = Time spent auto-exploring this place.
 F = Levels seen in this place.
 G = Mean time per level.
                   A        B        C        D        E       F      G
               +--------+--------+--------+--------+--------+-----+--------+
         Total |   5264 |   5126 |    138 |   1036 |   2740 |   8 |  658.0 |
       Dungeon |   4522 |   4392 |    130 |    786 |   2684 |   6 |  753.7 |
        Temple |     22 |     14 |      8 |      0 |      0 |   1 |   22.0 |
         Sewer |    718 |    718 |      0 |    250 |     55 |   1 |  718.0 |
               +--------+--------+--------+--------+--------+-----+--------+

Top non-repeatable levels by time:
     D:5: 1282 daAuts
     D:3: 861 daAuts
     D:4: 803 daAuts
     D:2: 757 daAuts
   Sewer: 718 daAuts
     D:1: 582 daAuts
     D:6: 236 daAuts
  Temple: 22 daAuts
